 Dungeon Crawl Stone Soup version 0.31-a0-339-gda1cbd555d (console) character file.

Game seed: 5965899437896652405

79665 jejorda2 the Cleaver (level 15, -1/121 HPs)
             Began as a Gnoll Berserker on July 20, 2023.
             Was an Elder of Trog.
             Killed from afar by a deep elf zephyrmancer (15 damage)
             ... with a bolt of lightning
             ... on level 14 of the Dungeon.
             The game lasted 00:58:35 (22930 turns).

jejorda2 the Cleaver (Gnoll Berserker)             Turns: 22930, Time: 00:58:36

Health: -1/121     AC: 24    Str: 22    XL:     15   Next: 64%
Magic:  0/29       EV: 15    Int: 14    God:    Trog [****..]
Gold:   2572       SH: 12    Dex: 15    Spells: 34/34 levels left

rFire   + . .        a - +1 broad axe (spect)
rCold   + . .        d - +0 kite shield
rNeg    . . .        y - +2 plate armour
rPois   +            f - +1 helmet
rElec   .            M - scarf {rC+ rF+}
rCorr   .            T - +1 pair of gloves
SInv    .            Q - +1 pair of boots "Zinkyico" {Int+6 Dex+3}
Will    +....        s - amulet of guardian spirit Stlth
                     R - ring of poison resistance
HPRegen 0.40/turn    O - +5 ring of evasion
MPRegen 0.21/turn

%: guardian spirit
@: on berserk cooldown, slowed, studying Axes, very slow
A: fangs 1, strong nose, distributed training
a: Renounce Religion, Berserk, Trog's Hand, Brothers in Arms


You were on level 14 of the Dungeon.
You worshipped Trog.
Trog was greatly pleased with you.
You visited 2 branches of the dungeon, and saw 19 of its levels.
You also visited: Bailey.

You collected 2915 gold pieces.
You spent 343 gold pieces at shops.

Inventory:

Hand Weapons
 a - a +1 spectral broad axe (weapon)
Missiles
 g - 4 silver boomerangs
 p - 4 atropa-tipped darts
 q - 46 poisoned darts (quivered)
 C - 6 boomerangs
 G - 22 curare-tipped darts
 I - 4 javelins
Armour
 d - a +0 kite shield (worn)
 f - a +1 helmet (worn)
 y - a +2 plate armour (worn)
 M - a scarf of resistance (worn)
 Q - the +1 pair of boots "Zinkyico" (worn) {Int+6 Dex+3}
   (You found it on level 7 of the Dungeon)

   Int:       It affects your intelligence (+6).
   Dex:       It affects your dexterity (+3).
 T - a +1 pair of gloves (worn)
Jewellery
 s - an amulet of guardian spirit (around neck)
 D - a ring of resist corrosion
 O - a +5 ring of evasion (right hand)
 R - a ring of poison resistance (left hand)
Wands
 m - a wand of polymorph (2)
 v - a wand of digging (2)
 F - a wand of paralysis (17)
 N - a wand of light (7)
 S - a wand of mindburst (8)
Scrolls
 c - 3 scrolls of silence
 e - a scroll of fear
 i - a scroll of immolation
 k - 3 scrolls of vulnerability
 l - a scroll of revelation
 n - 3 scrolls of teleportation
 o - 7 scrolls of poison
 u - 5 scrolls of identify
 A - 3 scrolls of blinking
 E - 3 scrolls of fog
Potions
 b - a potion of invisibility
 h - 6 potions of heal wounds
 j - a potion of berserk rage
 t - 2 potions of haste
 w - 2 potions of might
 x - 4 potions of enlightenment
 z - 6 potions of curing
 B - a potion of resistance
 H - a potion of cancellation
 J - 3 potions of mutation
 K - a potion of lignification
 L - 3 potions of attraction
 P - 2 potions of ambrosia
Miscellaneous
 r - a lightning rod (4/4)


   Skills:
 + Level 12.2 Fighting
 + Level 10.4 Short Blades
 + Level 10.4 Long Blades
 + Level 13.3 Axes
 + Level 10.4 Maces & Flails
 + Level 10.4 Polearms
 + Level 10.4 Staves
 + Level 10.4 Ranged Weapons
 + Level 10.4 Throwing
 + Level 11.4 Armour
 + Level 11.4 Dodging
 + Level 10.4 Stealth
 + Level 10.4 Shields
 + Level 12.2 Unarmed Combat
 + Level 10.4 Spellcasting
 + Level 8.7 Conjurations
 + Level 8.7 Hexes
 + Level 8.7 Summonings
 + Level 8.7 Necromancy
 + Level 8.7 Translocations
 + Level 8.7 Transmutations
 + Level 8.7 Fire Magic
 + Level 8.7 Ice Magic
 + Level 8.7 Air Magic
 + Level 8.7 Earth Magic
 + Level 8.7 Poison Magic
 + Level 11.3 Invocations
 + Level 10.4 Evocations
 + Level 8.7 Shapeshifting


You had 34 spell levels left.
You didn't know any spells.
Your spell library was empty.

Dungeon Overview and Level Annotations

Branches:
Dungeon (14/15)            Temple (0/1) D:6            Lair (5/5) D:8
  Swamp (0/4) Lair:2        Snake (0/4) Lair:3        Slime (0/5) Lair:5
    Orc (0/2) D:9          Vaults (0/5) D:13         Bailey (visited)

Altars:
Fedhas
Hepliaklqana
Kikubaaqudgha
Nemelex Xobeh
Uskayaw
Wu Jian
Xom
The Shining One
Jiyva

Shops:
D:1 !   D:4 !   D:5 :

Annotations:
D:9 4 runed translucent doors


Innate Abilities, Weirdness & Mutations

You have very sharp teeth.
Your uncanny sense of smell can sniff out nearby items.
Your experience applies equally to all skills.


Message History

You kill the efreet!
Trog accepts your kill.
You slice the yaktaur!! You hit the yaktaur.
Your +1 spectral broad axe hits the yaktaur!!
You feel the power of Trog in you as your rage grows.
You kill the yaktaur!
Trog accepts your kill.
Your +1 spectral broad axe hits the yaktaur! x2
The yaktaur unwields a +0 arbalest.
The yaktaur barely misses your +1 spectral broad axe.
The yaktaur unwields a +0 arbalest.
The yaktaur hits your +1 spectral broad axe but does no damage.
Unknown command.
You barely miss the yaktaur.
The yaktaur is almost dead.
You slice the yaktaur!!
You kill the yaktaur!
Trog accepts your kill.
Your +1 spectral broad axe hits the yaktaur!!
You kill the yaktaur!
Trog accepts your kill.
Unknown command.
Unknown command.
Unknown command.
Your +1 spectral broad axe disappears.
You feel a strong urge to attack something.
You feel your anger nearly subside.
You are no longer berserk.
You are exhausted.
You feel yourself slow down.
As you read the scroll of teleportation, it crumbles to dust.
You feel strangely unstable.
Your surroundings suddenly seem different. 5 white ugly things come into view.
The white ugly thing gurgles horribly! x4; You hear a shout!
A deep elf zephyrmancer comes into view.
It is wielding a +0 long sword.
You fail to use your ability.
You fail to use your ability.
The deep elf zephyrmancer points at you and mumbles some strange words.
The bolt of lightning hits you!!
You die...

#......
##.......
##.......#
##.......#
##........#
##.........#.
#..........e.
#....@.....#
#....u.....#
#....uu....#
#...........#
#....u..u....
#............
#............
#...........#


You could see 5 ugly things and a deep elf zephyrmancer.

Vanquished Creatures
  Jorgrun (D:13)
  Frances (D:14)
  Gastronok (D:8)
  Kirke (D:13)
  A very ugly thing (D:14)
  Nessos (D:14)
  4 vault guards
  6 hydras
  A merfolk avatar (Lair:5)
  A catoblepas (Lair:1)
  4 death yaks
  2 boulder beetles
  4 two-headed ogres
  5 centaur warriors
  Urug (Lair:4)
  Sonja (D:12)
  The ghost of LeprechaunX the Martial Artist, a novice OpSh (D:7)
  3 skysharks
  A skeletal warrior (D:11)
  A sea snake (Lair:5)
  3 orc knights
  A harpy (Lair:5)
  3 deep elf pyromancers
  A lindwurm (Lair:4)
  3 oklob plants (Lair:2)
  8 ugly things
  5 cyclopes
  3 manticores
  An elephant (Lair:5)
  4 black mambas
  Maurice (D:10)
  Maggie (D:9)
  14 cane toads
  2 torpor snails (Lair:5)
  4 gargoyles
  5 yaktaurs
  Psyche (D:12)
  An efreet (D:14)
  6 rime drakes
  9 komodo dragons
  3 unseen horrors
  A tengu conjurer (D:13)
  5 trolls
  3 meliai (D:13)
  6 polar bears
  5 hornets
  19 blink frogs
  2 wind drakes (Lair:5)
  7 dream sheep
  A tyrant leech (Lair:2)
  A snapping turtle (Lair:5)
  2 slime creatures
  29 yaks
  4 wraiths
  A shadow (D:10)
  8 wyverns
  Eustachio (D:6)
  3 hogs (D:13)
  A golden eye (shapeshifter) (D:13)
  2 basilisks
  3 vampire mosquitoes (D:13)
  Menkaure (D:7)
  7 steam dragons
  2 swamp worms (Lair:2)
  4 acid dragons
  18 water moccasins
  14 orc warriors
  A black bear (shapeshifter) (D:11)
  2 black bears
  3 ice beasts
  6 ogres
  A wolf (D:8)
  6 centaurs
  A phantom (D:6)
  2 kobold brigands
  12 bullfrogs
  7 gnoll sergeants (D:9)
  3 scorpions
  5 wights
  10 killer bees
  4 howler monkeys
  An electric eel (Lair:3)
  2 hounds (D:6)
  2 jellies (D:5)
  3 orc priests
  Crazy Yiuf (D:3)
  A gnoll bouda (D:4)
  Jessica (D:2)
  Terence (D:2)
  7 orc wizards
  3 sleepcaps
  3 iguanas
  6 hell rats
  7 gnolls
  4 adders
  2 shadow imps (D:8)
  A white imp (D:8)
  An ufetubus (D:4)
  2 worms (D:2)
  2 dart slugs (D:4)
  55 orcs
  5 bats
  9 endoplasms
  3 giant cockroaches
  9 goblins
  6 hobgoblins
  15 kobolds
  4 quokkas
  6 ball pythons
  2 rats (D:3)
497 creatures vanquished.

Vanquished Creatures (collateral kills)
  2 death yaks (Lair:3)
  An orc (D:7)
3 creatures vanquished.

Vanquished Creatures (others)
  11 spectral weapons
11 creatures vanquished.

Grand Total: 511 creatures vanquished

Notes
Turn   | Place    | Note
-------+----------+-------------------------------------------
     0 | D:1      | jejorda2 the Gnoll Berserker began the quest for the Orb.
     0 | D:1      | Reached XP level 1. HP: 23/23 MP: 1/1
    64 | D:1      | Found Gufusa's Distillery.
   263 | D:1      | Reached XP level 2. HP: 29/29 MP: 2/2
   307 | D:1      | Bought a potion of heal wounds for 50 gold pieces
   867 | D:2      | Reached XP level 3. HP: 35/35 MP: 3/3
   948 | D:2      | Noticed Terence
   966 | D:2      | Killed Terence
   967 | D:2      | Reached skill level 1 in Short Blades
   967 | D:2      | Reached skill level 1 in Long Blades
   967 | D:2      | Reached skill level 1 in Axes
   967 | D:2      | Reached skill level 1 in Maces & Flails
   967 | D:2      | Reached skill level 1 in Polearms
   967 | D:2      | Reached skill level 1 in Staves
   967 | D:2      | Reached skill level 1 in Ranged Weapons
   967 | D:2      | Reached skill level 1 in Throwing
   967 | D:2      | Reached skill level 1 in Stealth
   967 | D:2      | Reached skill level 1 in Shields
   967 | D:2      | Reached skill level 1 in Spellcasting
   967 | D:2      | Reached skill level 1 in Invocations
   967 | D:2      | Reached skill level 1 in Evocations
   967 | D:2      | Reached XP level 4. HP: 30/41 MP: 5/5
  1252 | D:2      | Noticed Jessica
  1256 | D:2      | Killed Jessica
  1257 | D:2      | Reached skill level 1 in Conjurations
  1257 | D:2      | Reached skill level 1 in Hexes
  1257 | D:2      | Reached skill level 1 in Summonings
  1257 | D:2      | Reached skill level 1 in Necromancy
  1257 | D:2      | Reached skill level 1 in Translocations
  1257 | D:2      | Reached skill level 1 in Transmutations
  1257 | D:2      | Reached skill level 1 in Fire Magic
  1257 | D:2      | Reached skill level 1 in Ice Magic
  1257 | D:2      | Reached skill level 1 in Air Magic
  1257 | D:2      | Reached skill level 1 in Earth Magic
  1257 | D:2      | Reached skill level 1 in Poison Magic
  1257 | D:2      | Reached skill level 1 in Shapeshifting
  1422 | D:3      | Reached ** piety under Trog
  1512 | D:3      | Reached XP level 5. HP: 47/47 MP: 5/7
  2077 | D:3      | Found a runed translucent door.
  2078 | D:3      | Noticed Crazy Yiuf
  2084 | D:3      | Killed Crazy Yiuf
  2434 | D:1      | Bought 2 potions of might for 80 gold pieces
  2508 | D:4      | You fall into a shaft and drop 3 floors!
  2509 | D:7      | Noticed a water moccasin
  2523 | D:7      | Killed a water moccasin
  2524 | D:7      | Reached skill level 2 in Axes
  2524 | D:7      | Reached skill level 5 in Armour
  2524 | D:7      | Reached skill level 5 in Dodging
  2524 | D:7      | Reached XP level 6. HP: 53/53 MP: 7/9
  2581 | D:6      | Found an ornate altar of the Wu Jian Council.
  2598 | D:6      | Noticed a steam dragon
  2605 | D:6      | Killed a steam dragon
  2639 | D:6      | Reached XP level 7. HP: 49/59 MP: 10/10
  2782 | D:6      | Noticed Eustachio
  2795 | D:6      | Killed Eustachio
  2905 | D:5      | Entered Level 5 of the Dungeon
  3037 | D:4      | Found Vymaory's Distillery.
  3075 | D:4      | Reached XP level 8. HP: 67/67 MP: 12/12
  3090 | D:4      | Reached skill level 3 in Axes
  3276 | D:4      | Reached *** piety under Trog
  3559 | D:4      | Bought a potion of curing for 33 gold pieces
  3689 | D:5      | Found a sparkling altar of Nemelex Xobeh.
  3940 | D:5      | Found Lenylesch's Book Emporium.
  4534 | D:6      | Reached XP level 9. HP: 63/73 MP: 14/14
  4708 | D:6      | Reached skill level 4 in Axes
  4785 | D:6      | Found a staircase to the Ecumenical Temple.
  5005 | D:6      | Found a hide-covered altar of Uskayaw.
  5472 | D:1      | Bought a potion of haste for 100 gold pieces
  5903 | D:7      | Noticed Menkaure
  5915 | D:7      | Killed Menkaure
  6131 | D:7      | Found a runed translucent gate.
  6131 | D:7      | Found a runed translucent gate.
  6132 | D:7      | Found a runed translucent gate.
  6132 | D:7      | Noticed LeprechaunX's ghost (novice OpSh)
  6973 | D:8      | Reached skill level 5 in Invocations
  7051 | D:8      | Noticed Gastronok
  7060 | D:8      | Killed Gastronok
  7061 | D:8      | Reached skill level 5 in Short Blades
  7061 | D:8      | Reached skill level 5 in Long Blades
  7061 | D:8      | Reached skill level 5 in Axes
  7061 | D:8      | Reached skill level 5 in Maces & Flails
  7061 | D:8      | Reached skill level 5 in Polearms
  7061 | D:8      | Reached skill level 5 in Staves
  7061 | D:8      | Reached skill level 5 in Ranged Weapons
  7061 | D:8      | Reached skill level 5 in Throwing
  7061 | D:8      | Reached skill level 5 in Stealth
  7061 | D:8      | Reached skill level 5 in Shields
  7061 | D:8      | Reached skill level 5 in Spellcasting
  7061 | D:8      | Reached skill level 5 in Evocations
  7061 | D:8      | Reached XP level 10. HP: 82/82 MP: 15/17
  7859 | D:8      | Found a staircase to the Lair.
  8370 | D:9      | Found a glowing golden altar of the Shining One.
  8436 | D:9      | Identified a scroll of acquirement
  8436 | D:9      | Acquired 870 gold pieces
  8519 | D:9      | Found a flagged portal.
  8520 | D:9      | Noticed a gargoyle
  8542 | D:9      | Killed a gargoyle
  8603 | Bailey   | Entered a bailey
  8991 | Bailey   | Reached XP level 11. HP: 86/87 MP: 19/19
  9093 | Bailey   | Acquired a manual of Axes
  9098 | Bailey   | Noticed an orc knight
  9098 | Bailey   | Noticed an orc knight
  9109 | Bailey   | Killed an orc knight
  9110 | Bailey   | Reached skill level 6 in Axes
  9110 | Bailey   | Reached skill level 5 in Conjurations
  9110 | Bailey   | Reached skill level 5 in Hexes
  9110 | Bailey   | Reached skill level 5 in Summonings
  9110 | Bailey   | Reached skill level 5 in Necromancy
  9110 | Bailey   | Reached skill level 5 in Translocations
  9110 | Bailey   | Reached skill level 5 in Transmutations
  9110 | Bailey   | Reached skill level 5 in Fire Magic
  9110 | Bailey   | Reached skill level 5 in Ice Magic
  9110 | Bailey   | Reached skill level 5 in Air Magic
  9110 | Bailey   | Reached skill level 5 in Earth Magic
  9110 | Bailey   | Reached skill level 5 in Poison Magic
  9110 | Bailey   | Reached skill level 5 in Shapeshifting
  9119 | Bailey   | HP: 6/133 [orc knight/+0 glaive (6)]
  9120 | Bailey   | Killed an orc knight
  9463 | D:9      | Noticed Maggie
  9473 | D:9      | Killed Maggie
  9750 | D:9      | Found a large runed translucent door.
  9750 | D:9      | Found a large runed translucent door.
  9750 | D:9      | Noticed a boulder beetle
  9762 | D:9      | Found a large runed translucent door.
  9762 | D:9      | Found a large runed translucent door.
 10005 | D:9      | Noticed a centaur warrior
 10020 | D:9      | Killed a centaur warrior
 10058 | D:9      | Reached skill level 7 in Axes
 10371 | D:9      | Found a staircase to the Orcish Mines.
 10727 | D:9      | Reached **** piety under Trog
 10948 | D:10     | Entered Level 10 of the Dungeon
 11069 | D:10     | Noticed Maurice
 11089 | D:10     | Killed Maurice
 11102 | D:10     | Found a shimmering altar of Xom.
 11138 | D:10     | Found a hazy altar of Hepliaklqana.
 11139 | D:10     | Found a blossoming altar of Fedhas.
 11260 | D:10     | Noticed a two-headed ogre
 11265 | D:10     | Killed a two-headed ogre
 11266 | D:10     | Reached XP level 12. HP: 97/97 MP: 22/22
 11427 | D:10     | Reached skill level 8 in Axes
 11473 | D:10     | Found an ancient bone altar of Kikubaaqudgha.
 11759 | Lair:1   | Entered Level 1 of the Lair of Beasts
 12313 | Lair:1   | Noticed a catoblepas
 12323 | Lair:1   | Killed a catoblepas
 12468 | Lair:1   | Reached skill level 10 in Fighting
 12468 | Lair:1   | Reached skill level 10 in Unarmed Combat
 12983 | Lair:1   | Reached skill level 9 in Axes
 13621 | Lair:2   | Noticed a skyshark
 13637 | Lair:2   | Killed a skyshark
 13827 | Lair:2   | Found a staircase to the Swamp.
 14431 | Lair:2   | Reached XP level 13. HP: 102/104 MP: 14/25
 14559 | Lair:2   | Identified the +1 scale mail of the Endless Expanse {Str+2}
 14560 | Lair:2   | Identified the staff "Melloic" {Fly rPois rC- Dex+5 Poison}
 14970 | Lair:3   | Found a staircase to the Snake Pit.
 14997 | Lair:3   | Reached skill level 10 in Axes
 15330 | Lair:3   | Acquired 651 gold pieces
 16059 | Lair:4   | Noticed Urug
 16076 | Lair:4   | Killed Urug
 16492 | Lair:4   | Reached ***** piety under Trog
 16894 | Lair:4   | Reached skill level 10 in Armour
 16894 | Lair:4   | Reached skill level 10 in Dodging
 17294 | Lair:5   | Entered Level 5 of the Lair of Beasts
 17294 | Lair:5   | Found a staircase to the Slime Pits.
 17302 | Lair:5   | Reached skill level 11 in Axes
 17322 | Lair:5   | Reached XP level 14. HP: 113/113 MP: 22/27
 17389 | Lair:5   | Received a gift from Trog
 17533 | Lair:5   | Reached skill level 10 in Invocations
 17797 | Lair:5   | Found a viscous altar of Jiyva.
 18776 | D:7      | Killed LeprechaunX's ghost
 18795 | D:7      | Identified the +1 pair of boots "Zinkyico" {Int+6 Dex+3}
 19075 | D:11     | Reached skill level 12 in Axes
 19813 | D:11     | Identified the +2 leather armour of Fohom {rPois}
 20331 | D:1      | Bought a potion of invisibility for 80 gold pieces
 20606 | D:12     | Noticed Sonja
 20616 | D:12     | Killed Sonja
 20925 | D:12     | Reached XP level 15. HP: 114/118 MP: 26/28
 20999 | D:12     | Noticed Psyche
 21004 | D:12     | Killed Psyche
 21406 | D:13     | Reached skill level 10 in Short Blades
 21406 | D:13     | Reached skill level 10 in Long Blades
 21406 | D:13     | Reached skill level 10 in Maces & Flails
 21406 | D:13     | Reached skill level 10 in Polearms
 21406 | D:13     | Reached skill level 10 in Staves
 21406 | D:13     | Reached skill level 10 in Ranged Weapons
 21406 | D:13     | Reached skill level 10 in Throwing
 21406 | D:13     | Reached skill level 10 in Stealth
 21406 | D:13     | Reached skill level 10 in Shields
 21406 | D:13     | Reached skill level 10 in Spellcasting
 21406 | D:13     | Reached skill level 10 in Evocations
 21547 | D:13     | Found a gate to the Vaults.
 22021 | D:13     | Noticed Jorgrun
 22036 | D:13     | Killed Jorgrun
 22078 | D:13     | Noticed Kirke
 22093 | D:13     | Killed Kirke
 22094 | D:13     | Reached skill level 13 in Axes
 22606 | D:14     | Noticed Nessos
 22640 | D:14     | Killed Nessos
 22906 | D:14     | Noticed Frances
 22919 | D:14     | Killed Frances
 22930 | D:14     | Killed from afar by a deep elf zephyrmancer

Illustrated notes

Levels and vault maps discovered:
D:1:      dpeg_arrival_connections, layout_basic, serial_shops, shop
D:2:      layout_rooms, uniq_jessica, uniq_terence
D:3:      layout_loops_corners, uniq_crazy_yiuf_cottage
D:4:      layout_gridville, serial_shops, shop, hangedman_decor_clover_reticule,
          st_stairs_4, minmay_pentomino_pile
D:5:      layout_cave_pods, nemelex_xobeh_ov_fountains_minmay, serial_shops,
          nicolae_shop_trees, kennysheep_windowed_goal
D:6:      layout_basic, general_overflow_altar, nicolae_uskayaw_dance_studio,
          minmay_temple_entry_slanted, uniq_eustachio
D:7:      layout_gridville, biasface_ghost_orc_armoury, uniq_menkaure
D:8:      layout_basic, hellmonk_lair_entry_icy, uniq_gastronok
D:9:      layout_loops_ring, tso_metal_star,
          kennysheep_orc_monster_closet_entryway, enter_bailey_5,
          serial_bayou_lagoon_a, minmay_hollow_rounded_squares, uniq_maggie
D:10:     layout_rooms, lemuel_crystal_altar, grunt_temple_overflow_open,
          lemuel_round_altar, uniq_maurice
D:11:     hangedman_cross_veins, layout_rooms
D:12:     layout_basic, uniq_psyche, uniq_sonja
D:13:     layout_cave_pools, lightli_vaults_fourway_checkpoint, uniq_kirke,
          uniq_jorgrun
D:14:     layout_big_octagon, grunt_gozag_statues, bh_hangedman_babel_library,
          uniq_frances, uniq_nessos
Lair:1:   layout_cave_pods, hangedman_lair_generics_rect
Lair:2:   dpeg_oklob_gauntlet, layout_cellular_growth, minmay_swamp_entry_worms,
          chequers_serial_rivers_micro_e, cheibrodos_lair_caveside_slide,
          minivault_24, st_stairs_4
Lair:3:   layout_regular_city, dummy_snake_entry,
          nicolae_lair_grove_arrangements, grunt_megastairs_4,
          serial_bayou_shore_a
Lair:4:   layout_small_grid, st_stairs_5, minivault_24, uniq_urug
Lair:5:   gammafunk_lair_ancient_temple, layout_misc_corridors, slime_entry_1,
          chequers_serial_rivers_micro_c, minivault_19

Skill      XL: |  1  2  3  4  5  6  7  8  9 10 11 12 13 14 15 |
---------------+----------------------------------------------+-----
Short Blades   | 1 2 3 5 7 8 9 10 | 10.4
Long Blades    | 1 2 3 5 7 8 9 10 | 10.4
Axes           | 1 2 3 5 7 9 11 12 13 | 13.3
Maces & Flails | 1 2 3 5 7 8 9 10 | 10.4
Polearms       | 1 2 3 5 7 8 9 10 | 10.4
Staves         | 1 2 3 5 7 8 9 10 | 10.4
Ranged Weapons | 1 2 3 5 7 8 9 10 | 10.4
Throwing       | 1 2 3 5 7 8 9 10 | 10.4
Stealth        | 1 2 3 5 7 8 9 10 | 10.4
Shields        | 1 2 3 5 7 8 9 10 | 10.4
Spellcasting   | 1 2 3 5 7 8 9 10 | 10.4
Invocations    | 1 2 3 4 5 6 7 8 9 10 11 | 11.3
Evocations     | 1 2 3 5 7 8 9 10 | 10.4
Conjurations   | 1 2 3 4 5 6 7 8 |  8.7
Hexes          | 1 2 3 4 5 6 7 8 |  8.7
Summonings     | 1 2 3 4 5 6 7 8 |  8.7
Necromancy     | 1 2 3 4 5 6 7 8 |  8.7
Translocations | 1 2 3 4 5 6 7 8 |  8.7
Transmutations | 1 2 3 4 5 6 7 8 |  8.7
Fire Magic     | 1 2 3 4 5 6 7 8 |  8.7
Ice Magic      | 1 2 3 4 5 6 7 8 |  8.7
Air Magic      | 1 2 3 4 5 6 7 8 |  8.7
Earth Magic    | 1 2 3 4 5 6 7 8 |  8.7
Poison Magic   | 1 2 3 4 5 6 7 8 |  8.7
Shapeshifting  | 1 2 3 4 5 6 7 8 |  8.7
Armour         | 5 6 7 8 9 10 11 | 11.4
Dodging        | 5 6 7 8 9 10 11 | 11.4
Fighting       | 7 8 9 10 11 12 | 12.2
Unarmed Combat | 7 8 9 10 11 12 | 12.2

Action                     |  1- 3 |  4- 6 |  7- 9 | 10-12 | 13-15 || total
---------------------------+-------+-------+-------+-------+-------++-------
  Melee: Unarmed           |    46 |    86 |   273 |   735 |    42 ||  1182
         Bite              |     5 |     7 |    32 |    89 |   115 ||   248
         Punch             |     1 |     2 |       |       |       ||     3
         Broad axe         |       |       |       |    35 |   618 ||   653
  Throw: Dart              |       |       |       |     8 |     7 ||    15
 Invoke: Berserk           |     1 |     3 |     9 |    14 |    13 ||    40
         Trog's Hand       |       |     1 |       |     9 |    10 ||    20
         Brothers in Arms  |       |       |       |       |     2 ||     2
  Evoke: Wand              |       |       |       |     2 |     5 ||     7
    Use: Scroll            |       |       |       |    25 |     8 ||    33
         Potion            |       |       |       |     2 |     2 ||     4
   Stab: Distracted        |       |       |       |     1 |    11 ||    12
         Invisible         |       |       |       |     1 |       ||     1
         Paralysed         |       |       |       |       |     3 ||     3
 Armour: Leather armour    |    14 |       |       |       |       ||    14
         Scale mail        |       |    40 |    21 |       |       ||    61
         Plate armour      |       |       |    71 |   415 |   308 ||   794
         Chain mail        |       |       |    19 |       |       ||    19
  Dodge: Dodged            |    29 |    33 |    93 |   366 |   335 ||   856
  Block: Buckler           |       |     7 |    49 |   127 |       ||   183
         Kite shield       |       |       |       |   176 |   326 ||   502

Table legend: (Time is in decaauts)
 A = Elapsed time spent in this place.
 B = Non-inter-level travel time spent in this place.
 C = Inter-level travel time spent in this place.
 D = Time resting spent in this place.
 E = Time spent auto-exploring this place.
 F = Levels seen in this place.
 G = Mean time per level.
                   A        B        C        D        E       F      G
               +--------+--------+--------+--------+--------+-----+--------+
         Total |  23212 |  21097 |   2115 |   1479 |  15825 |  20 | 1160.6 |
       Dungeon |  15317 |  13499 |   1818 |    834 |  10260 |  14 | 1094.1 |
          Lair |   7090 |   6793 |    297 |    590 |   4988 |   5 | 1418.0 |
        Bailey |    804 |    804 |      0 |     54 |    576 |   1 |  804.0 |
               +--------+--------+--------+--------+--------+-----+--------+

Top non-repeatable levels by time:
     D:9: 2030 daAuts
  Lair:1: 1684 daAuts
     D:8: 1644 daAuts
  Lair:4: 1567 daAuts
  Lair:2: 1510 daAuts
     D:7: 1465 daAuts
     D:6: 1209 daAuts
     D:5: 1208 daAuts
    D:12: 1188 daAuts
  Lair:3: 1185 daAuts
    D:11: 1175 daAuts
  Lair:5: 1141 daAuts
     D:3: 1080 daAuts
     D:1: 1041 daAuts
    D:13: 853 daAuts
